 Dungeon Crawl Stone Soup version 0.17-a0-1522-g6c5b4ba (webtiles) character file.

10258 George the Carver (level 11, -9/84 HPs)
             Began as a Demonspawn Gladiator on July 14, 2015.
             Was a High Priest of Makhleb.
             Killed from afar by mrath's ghost (26 damage)
             ... with a stone arrow
             ... on level 10 of the Dungeon.
             The game lasted 00:27:50 (11181 turns).

George the Carver (Demonspawn Gladiator)           Turns: 11181, Time: 00:27:50

Health: -9/84      AC: 16    Str: 18    XL:     11   Next: 33%
Magic:  0/18       EV: 14    Int: 19    God:    Makhleb [*****.]
Gold:   790        SH:  0    Dex: 15    Spells: 0 memorised, 10 levels left

rFire  + . .     SeeInvis .     P - +1 long sword (vamp)
rCold  . . .     Clarity  .     G - +1 ring mail of Fortification {Int+7}
rNeg   . . .     SustAt   .     (no shield)
rPois  .         Gourm    .     E - +2 hat {Int+3}
rElec  .         Spirit   +     C - +2 cloak
rCorr  .         Warding  .     Z - +2 pair of gloves
rMut   .         Stasis   .     (no boots)
MR     .....                    (no amulet)
Stlth  ++........               v - +5 ring of slaying
                                K - ring of protection from fire

@: heavily drained, not resistant to hostile enchantments, unstealthy
A: talons 1, yellow scales 2, deformed body, nightstalker 1, magic shield
a: Minor Destruction, Lesser Servant of Makhleb, Major Destruction, Greater
Servant of Makhleb, Renounce Religion


You were on level 10 of the Dungeon.
You worshipped Makhleb.
Makhleb was extremely pleased with you.
You were not hungry.

You visited 2 branches of the dungeon, and saw 13 of its levels.
You also visited: Ossuary.

You collected 790 gold pieces.

Inventory:

Hand weapons
 a - a +1 long sword
 P - a +1 vampiric long sword (weapon)
Missiles
 d - 3 throwing nets (quivered)
 N - 7 javelins of returning
Armour
 C - a +2 cloak (worn)
 E - a +2 hat of intelligence (worn)
 G - the +1 ring mail of Fortification (worn) {Int+7}
   (You found it on level 4 of the Dungeon)

   It affects your intelligence (+7).
 Z - a +2 pair of gloves (worn)
Jewellery
 h - an uncursed ring of see invisible
 t - an uncursed ring of protection from fire
 v - a +5 ring of slaying (right hand)
 K - a ring of protection from fire (left hand)
 W - an uncursed ring of ice
Magical devices
 z - a wand of digging (15)
 F - a wand of frost (33)
 I - a wand of fire (0)
 M - a wand of digging (13)
 O - a wand of polymorph (6)
 Y - a wand of fire (0)
Scrolls
 l - 4 scrolls of recharging
 q - 3 scrolls of teleportation
 r - 4 scrolls of remove curse
 y - a scroll of enchant armour
 A - a scroll of magic mapping
 Q - a scroll of identify
 R - 3 scrolls of enchant weapon
 U - 2 scrolls of fear
Potions
 i - 7 potions of brilliance
 k - 11 potions of curing
 u - 3 potions of agility
 x - a potion of haste
 D - a potion of invisibility
 H - 2 potions of might
 J - a potion of magic
 L - a potion of cure mutation
 S - a potion of cancellation
 V - 3 potions of heal wounds
Miscellaneous
 w - a lamp of fire
Comestibles
 e - 5 bread rations
 j - 12 fruits
 s - a slice of pizza
 B - 3 meat rations
 T - 3 chunks of flesh
 X - a beef jerky


   Skills:
 + Level 7.6(5.8) Fighting
 + Level 10.0(8.2) Long Blades
 - Level 1.7(0.3) Throwing
 + Level 6.5(4.8) Armour
 + Level 7.1(5.4) Dodging
 + Level 9.7(7.9) Invocations


You had 10 spell levels left.
You didn't know any spells.

Dungeon Overview and Level Annotations

Branches:
Dungeon (12/15)            Temple (1/1) D:5
   Lair: D:8-11         Orc: D:9-12

Altars:
Ashenzari
Cheibriados
Dithmenos
Elyvilon
Fedhas
Gozag
Kikubaaqudgha
Makhleb
Nemelex Xobeh
Okawaru
Qazlal
Ru
Sif Muna
Trog
Vehumet
Xom
Yredelemnul
Zin
The Shining One

Shops:
D:5 %   D:6 [

Annotations:
D:10 mrath's ghost, powerful DrEE


Innate Abilities, Weirdness & Mutations

You are mostly covered in yellow scales (AC +3).
You are slightly more attuned to the shadows.
When hurt, damage is shared between your health and your magic reserves.
You have sharp toenails.
Armour fits poorly on your strangely shaped body.


Message History

The stone arrow misses you.
Your neqoxec gestures.
Your neqoxec gestures.
You hit mrath's ghost but do no damage.
Mrath's ghost is moderately damaged.
Mrath's ghost breathes negative energy at you.
The bolt of negative energy hits you!
You feel drained.
You hit mrath's ghost.
Mrath's ghost is moderately damaged.
Your crimson imp blinks!
Mrath's ghost breathes negative energy at you.
The bolt of negative energy hits you!
You feel drained.
* * * LOW HITPOINT WARNING * * *
Your neqoxec misses mrath's ghost. You barely miss mrath's ghost.
Mrath's ghost is moderately damaged.
Your crimson imp hits mrath's ghost but does no damage.
Mrath's ghost points at you and mumbles some strange words.
The stone arrow hits you!
You die...

########### #.........#
##### #.........##### .....#
#........(.(.(#### ......
#.........###.))).
......#####5........#######.
#....W35..........)....
######@......##########
#.........#.##
#.....###....# ####
#>.....##.....# #...
........##.#♣♣♣♣ ♣♣..
........##.♣ ♣♣.
........##.. ♣. ........###♣
♣. .......## ♣.


You could see mrath's ghost, a friendly neqoxec, a friendly quasit and a
friendly crimson imp.

Vanquished Creatures
  Gastronok (D:8)
  A cyclops (D:10)
  Maurice (D:10)
  A centaur zombie (D:9)
  Psyche (D:10)
  A troll (D:10)
  A wyvern (D:9)
  A wraith (Ossuary)
  A hungry ghost (D:8)
  2 steam dragons (D:7)
  14 yaks (D:9)
  A hippogriff (D:8)
  Edmund (D:4)
  2 sky beasts
  A wasp (D:11)
  A black bear (D:9)
  An eye of draining (D:11)
  5 ice beasts
  4 orc warriors
  5 ogres
  2 centaurs (D:7)
  A gnoll sergeant (D:10)
  2 water moccasin zombies
  5 giant frogs
  5 killer bees (D:9)
  2 scorpions
  5 wights (D:10)
  6 crimson imps
  6 worker ants
  Crazy Yiuf (D:3)
  3 orc priests
  7 hounds
  5 orc wizards
  2 giant frog skeletons
  An iguana (D:7)
  2 killer bee zombies (D:7)
  2 hound skeletons
  A mummy (Ossuary)
  Robin (D:3)
  5 adders
  3 gnolls (D:10)
  2 shadow imps
  3 oozes
  2 adder skeletons
  3 worms
  4 giant geckos
  29 orcs
  2 ball pythons
  A bat skeleton (D:8)
  9 giant cockroaches
  24 hobgoblins
  12 jackals
  9 bats
  A giant gecko skeleton (D:5)
  A giant gecko zombie (D:6)
  3 giant newts
  9 gnoll skeletons (Ossuary)
  17 goblins
  A jackal skeleton (D:4)
  19 kobolds
  4 kobold skeletons (Ossuary)
  11 orc skeletons (Ossuary)
  4 quokkas
  A quokka zombie (D:5)
  17 rats
301 creatures vanquished.

Notes
Turn   | Place    | Note
--------------------------------------------------------------
     0 | D:1      | George the Demonspawn Gladiator began the quest for the Orb.
     0 | D:1      | Reached XP level 1. HP: 16/16 MP: 1/1
   109 | D:1      | Reached skill level 3 in Long Blades
   436 | D:1      | Gained mutation: You are partially covered in yellow scales (AC +2). [demonic ancestry]
   436 | D:1      | Reached XP level 2. HP: 6/22 MP: 2/2
  1359 | D:1      | Reached XP level 3. HP: 27/27 MP: 3/3
  1585 | D:2      | Found an opulent altar of Gozag.
  1659 | D:2      | Reached skill level 4 in Long Blades
  2743 | D:3      | Gained mutation: You are slightly more attuned to the shadows. [demonic ancestry]
  2743 | D:3      | Reached XP level 4. HP: 22/33 MP: 4/4
  2895 | D:3      | Noticed Robin
  2902 | D:3      | Killed Robin
  3037 | D:3      | Noticed Crazy Yiuf
  3049 | D:3      | Killed Crazy Yiuf
  3049 | D:3      | Reached skill level 5 in Long Blades
  3309 | D:4      | Reached XP level 5. HP: 38/38 MP: 5/5
  3355 | D:4      | Got a crude ring mail
  3366 | D:4      | Identified the +1 ring mail of Fortification {Int+7} (You found it on level 4 of the Dungeon)
  3538 | D:4      | Reached skill level 6 in Long Blades
  3588 | D:4      | Reached XP level 6. HP: 37/44 MP: 6/6
  3662 | D:4      | Noticed an ogre
  3667 | D:4      | Killed an ogre
  3806 | D:4      | Noticed Edmund
  3856 | D:4      | Killed Edmund
  3856 | D:4      | Reached skill level 7 in Long Blades
  4208 | D:4      | Gained mutation: When hurt, damage is shared between your health and your magic reserves. [demonic ancestry]
  4208 | D:4      | Reached XP level 7. HP: 50/50 MP: 7/7
  4341 | D:5      | Entered Level 5 of the Dungeon
  4385 | D:5      | Found Doag's Food Shop.
  4457 | D:5      | Found a staircase to the Ecumenical Temple.
  4477 | Temple   | Entered the Ecumenical Temple
  4755 | Temple   | Became a worshipper of Makhleb the Destroyer
  5001 | D:5      | Found a radiant altar of Vehumet.
  5001 | D:5      | Found a shadowy altar of Dithmenos.
  5002 | D:5      | Found a basalt altar of Yredelemnul.
  5522 | D:6      | Reached skill level 1 in Invocations
  5526 | D:6      | Gained mutation: You have sharp toenails. [mutagenic meat]
  5527 | D:6      | Gained mutation: Armour fits poorly on your strangely shaped body. [mutagenic meat]
  5598 | D:6      | Reached skill level 1 in Armour
  5842 | D:6      | Found Koull's Armour Emporium.
  5940 | D:6      | Acquired Makhleb's first power
  5940 | D:6      | Reached XP level 8. HP: 40/57 MP: 7/10
  6260 | D:6      | Found a shimmering altar of Xom.
  6260 | D:6      | Found a white marble altar of Elyvilon.
  6706 | D:7      | Reached skill level 8 in Long Blades
  7137 | D:7      | Acquired Makhleb's second power
  7257 | D:7      | Found a glowing golden altar of the Shining One.
  7299 | D:7      | Found a shadowy altar of Dithmenos.
  8265 | D:8      | Reached skill level 5 in Invocations
  8265 | D:8      | Gained mutation: You are mostly covered in yellow scales (AC +3). [demonic ancestry]
  8265 | D:8      | Reached XP level 9. HP: 42/65 MP: 7/12
  8293 | D:8      | Found a sand-covered staircase.
  8298 | Ossuary  | Entered an ossuary
  8457 | Ossuary  | Acquired Makhleb's third power
  8956 | D:8      | Reached skill level 5 in Dodging
  9104 | D:8      | Noticed Gastronok
  9125 | D:8      | Killed Gastronok
  9125 | D:8      | Reached skill level 5 in Fighting
  9125 | D:8      | Reached skill level 9 in Long Blades
  9125 | D:8      | Reached XP level 10. HP: 63/76 MP: 9/15
  9353 | D:9      | Reached skill level 5 in Armour
  9645 | D:9      | You fall through a shaft for 3 floors!
  9805 | D:11     | Acquired Makhleb's fourth power
  9809 | D:10     | Entered Level 10 of the Dungeon
 10223 | D:9      | Acquired Makhleb's fifth power
 10223 | D:9      | Reached XP level 11. HP: 83/83 MP: 9/17
 10585 | D:10     | Noticed Psyche
 10594 | D:10     | Killed Psyche
 10690 | D:10     | Noticed mrath's ghost (powerful DrEE)
 11018 | D:10     | Noticed Maurice
 11029 | D:10     | Killed Maurice
 11029 | D:10     | Reached skill level 10 in Long Blades
 11071 | D:10     | Noticed a cyclops
 11128 | D:10     | Killed a cyclops
 11181 | D:10     | Killed from afar by mrath's ghost

Vault maps used:
D:1:      minmay_arrival_open_corners, serial_curves, eino_curves_04,
          eino_curves_03, hangedman_decor_growths
D:2:      nicolae_gozag_seed_capital
D:3:      minmay_misc_feat_five, uniq_robin, uniq_crazy_yiuf_cottage
D:4:      first_bread, serial_co_window_serial, co_window_paths_a,
          co_window_corner_a, co_window_paths_b, co_window_paths_b,
          co_window_paths_a, co_window_corner_a, co_window_corner_cb,
          co_window_corner_ca, co_window_cross_4, co_window_paths_e,
          co_window_sun, glass_columns_b, glass_columns_a, glass_columns_a,
          glass_columns_a, uniq_edmund
D:5:      gammafunk_temple_overflow_forgotten, minmay_temple_entry_glass,
          serial_shops, shop
D:6:      gammafunk_temple_overflow_elements, serial_shops, shop_statue
D:7:      kennysheep_steamy, lemuel_crystal_altar, serial_glass,
          glass_columns_a, glass_columns_a, nicolae_dithmenos_the_darkroom
D:8:      nicolae_ossuary_entry_false_entrances, uniq_gastronok
D:10:     orc_0_dummy, hangedman_tree_tricks, tgw_kikubaaqudgha, uniq_psyche,
          uniq_maurice
D:11:     lair_0_dummy, minmay_another_anthill
Temple:   triangle_lava_temple_12
Ossuary:  ossuary_due_mausoleum

Action                   |  1- 3 |  4- 6 |  7- 9 | 10-12 || total
-------------------------+-------+-------+-------+-------++-------
Melee: Long sword        |   198 |   111 |   346 |   407 ||  1062
Invok: Lesser Servant of |       |       |       |     1 ||     1
Evoke: Wand              |       |     6 |       |     4 ||    10
  Use: Scroll            |       |    11 |     5 |     8 ||    24
       Potion            |       |       |     2 |       ||     2
 Stab: Sleeping          |     1 |     6 |     6 |     1 ||    14
  Eat: Chunk             |     6 |     5 |    14 |     8 ||    33
       Fruit             |       |       |     2 |       ||     2
       Meat ration       |       |       |     1 |       ||     1
       Beef jerky        |       |       |     1 |       ||     1
